 Dungeon Crawl Stone Soup version 0.30.0-29-ga12c61a403 (webtiles) character file.

Game seed: 13919739126482481235

168 wingedge the Chiller (level 5, -1/37 HPs)
             Began as a Human Wanderer on June 11, 2023.
             Slain by a gnoll
             ... wielding a +0 spear
             ... led by a gnoll bouda
              (6 damage)
             ... on level 3 of the Dungeon.
             The game lasted 00:08:15 (2731 turns).

wingedge the Chiller (Human Wanderer)               Turns: 2731, Time: 00:08:15

Health: -1/37      AC:  5    Str: 15    XL:     5   Next: 78%
Magic:  5/9        EV: 11    Int: 13    God:
Gold:   115        SH:  0    Dex: 11    Spells: 6/9 levels left

rFire   . . .        a - +2 mace
rCold   . . .        (no shield)
rNeg    . . .        d - +0 leather armour
rPois   .            g - +0 helmet
rElec   .            s - +0 cloak
rCorr   .            (no gloves)
SInv    .            (no boots)
Will    .....        (no amulet)
Stlth   +            (no ring)
HPRegen 0.26/turn    (no ring)
MPRegen 0.11/turn

%: no passive effects
@: attractive, hasted, very quick
A: no striking features
a: no special abilities


You were on level 3 of the Dungeon.
You visited 1 branch of the dungeon, and saw 4 of its levels.

You collected 115 gold pieces.

Inventory:

Hand Weapons
 a - a +2 mace (weapon)
Missiles
 j - 5 poisoned darts
Armour
 d - a +0 leather armour (worn)
 g - a +0 helmet (worn)
 p - a +0 kite shield
 s - a +0 cloak (worn)
Wands
 b - a wand of polymorph (3)
 o - a wand of roots (7)
Scrolls
 c - a scroll of silence
 k - 3 scrolls of identify {unknown}
 l - a scroll of brand weapon {unknown}
 m - a scroll of poison {unknown}
 r - a scroll of torment {unknown}
Potions
 f - a potion of attraction
 h - a potion of degeneration {unknown}
 n - a potion of resistance {unknown}
 q - a potion of curing {unknown}
 t - a potion of magic {unknown}
 u - a potion of might {unknown}


   Skills:
 - Level 1.0 Fighting
 - Level 2.0 Maces & Flails
 - Level 1.0 Dodging
 + Level 2.9 Spellcasting
 - Level 4.0 Ice Magic
 + Level 1.4 Air Magic
 + Level 1.5 Poison Magic
 - Level 3.0 Evocations


You had 6 spell levels left.
You knew the following spells:

 Your Spells              Type           Power      Damage    Failure   Level
a - Freeze                Ice            48%        1d6       5%          1
b - Poisonous Vapours     Pois/Air       10%        N/A       24%         2

Your spell library contained the following spells:

 Spells                   Type           Power      Damage    Failure   Level
 Sting                    Tmut/Pois      12%        1d3       21%         1
 Hailstorm                Conj/Ice       7%         3d4       36%         3
 Olgreb's Toxic Radiance  Pois           5%         N/A       83%         4


Dungeon Overview and Level Annotations

Branches:
Dungeon (4/15)
 Temple: D:4-7

Altars:


Message History

Okay, then.
Okay, then.
The gnoll completely misses you. The gnoll hits you with a +0 spear.
A gnoll comes into view. It is wielding a +0 flail.
The endoplasm quivers.
The gnoll closely misses you.
There is a stone staircase leading up here.
The gnoll shouts!
The gnoll completely misses you. The gnoll hits you with a +0 flail.
* * * LOW HITPOINT WARNING * * *
Your magical contamination has completely faded away.
You climb upwards.
There is a stone staircase leading down here.
Casting: Freeze (safe; 5% risk of failure)
Confirm with . or Enter, or press ? or * to list all spells.
Aiming: Freeze (safe; 5% risk of failure)
Press: ? - help, Shift-Dir - straight line, f - gnoll
Aim: a gnoll, wielding a +0 spear You freeze the gnoll.
The gnoll is lightly wounded.
The gnoll hits you with a +0 flail.
* * * LOW HITPOINT WARNING * * *
The gnoll closely misses you.
As you read the scroll labelled FYEDIO TISTRARR, it crumbles to dust.
The scroll dissolves into smoke.
It was a scroll of fog.
The gnoll barely misses you. The gnoll hits you but does no damage.
Casting: Freeze (safe; 5% risk of failure)
Confirm with . or Enter, or press ? or * to list all spells.
Okay, then.
It was a potion of attraction.
You feel attractive to monsters. The gnoll barely misses you.
The gnoll closely misses you.
It was a potion of haste.
You feel yourself speed up. The gnoll barely misses you.
The gnoll completely misses you. The gnoll hits you with a +0 spear.
* * * LOW HITPOINT WARNING * * *
The gnoll is attracted toward you. x2
The gnoll hits you from afar with a +0 spear.
You die...

..#.....#....# ##.......#
#.###.###.#..#######........#
#...#.#.....................#
##..###.###.#..#####........#
#......###........#.....<..####
##..........######.............#
....#####).## ###.#.........#
##### #...##########.#.........#
..## #)###.§§§§@....######.####
#..# #.# #§§§§g§....# #.#
##.####.# #§§§§g§....# #.#
#......###§§§§§.....# #.#
####.....#§§§§§.....# #.#
###...###.#§§§§......# #.#
#...### #............# ##.#
..### ###......÷...# #.># ..#
#..........# #.##


You could see 2 gnolls.

Vanquished Creatures
  An orc priest (D:3)
  Terence (D:2)
  Robin (D:2)
  A gnoll (D:4)
  An adder (D:2)
  A worm (D:3)
  A dart slug (D:3)
  3 orcs (D:3)
  9 ball pythons
  3 bats
  2 endoplasms
  3 giant cockroaches (D:1)
  18 goblins
  8 hobgoblins
  3 jackals (D:2)
  4 kobolds
  2 quokkas
  A frilled lizard (D:3)
  5 rats
68 creatures vanquished.

Notes
Turn   | Place    | Note
-------+----------+-------------------------------------------
     0 | D:1      | wingedge the Human Wanderer began the quest for the Orb.
     0 | D:1      | wingedge set off with the following items: a +2 mace, a
                  | wand of polymorph (3), a scroll of silence, a +0 leather
                  | armour; and the following spell memorised: Freeze; and the
                  | following spells available to memorise: Hailstorm.
     0 | D:1      | Reached XP level 1. HP: 13/13 MP: 3/3
   123 | D:1      | Reached XP level 2. HP: 19/19 MP: 5/5
   253 | D:1      | Reached skill level 3 in Ice Magic
   575 | D:1      | Reached XP level 3. HP: 24/24 MP: 6/6
  1136 | D:2      | Reached skill level 4 in Ice Magic
  1136 | D:2      | Reached XP level 4. HP: 29/30 MP: 2/7
  1147 | D:2      | Noticed Robin
  1510 | D:2      | Killed Robin
  1511 | D:2      | Reached skill level 1 in Fighting
  1616 | D:2      | Noticed Terence
  1643 | D:2      | Killed Terence
  1644 | D:2      | Reached XP level 5. HP: 27/37 MP: 2/8
  1938 | D:3      | Reached skill level 1 in Air Magic
  1938 | D:3      | Reached skill level 1 in Poison Magic
  2057 | D:3      | Learned a level 2 spell: Poisonous Vapours
  2731 | D:3      | Slain by a gnoll

Illustrated notes

Levels and vault maps discovered:
D:1:      shiori_arrival_maze, layout_basic, serial_glass, glass_columns_b,
          glass_columns_a, glass_columns_c, glass_columns_a, glass_columns_c,
          glass_columns_b
D:2:      layout_rooms, uniq_terence, uniq_robin
D:3:      layout_rooms, minmay_quantized
D:4:      layout_loops_ring, nicolae_ru_sacrificial_ziggurat, serial_shops,
          shop, chequers_big_river

Skill      XL: |  1  2  3  4  5 |
---------------+----------------+-----
Ice Magic      | 3 4 |  4.0
Fighting       | 1 |  1.0
Air Magic      | 1 |  1.4
Poison Magic   | 1 |  1.5
Maces & Flails | |  2.0
Dodging        | |  1.0
Spellcasting   | |  2.9
Evocations     | |  3.0

Action                     |  1- 3 |  4- 6 || total
---------------------------+-------+-------++-------
  Melee: Mace              |    43 |    32 ||    75
         Punch             |     1 |       ||     1
   Cast: Freeze            |    28 |    70 ||    98
    Use: Potion            |       |     2 ||     2
         Scroll            |       |     1 ||     1
 Armour: Leather armour    |    18 |    40 ||    58
  Dodge: Dodged            |    38 |    79 ||   117
